Map: Ephemeron LE

Players

Alken

  • Race: Protoss Protoss
  • League: Diamond
  • Spawn Location: 11:00

oTo - Winner!

  • Race: Protoss Protoss
  • League: Diamond
  • Spawn Location: 5:00

VOD

Have the link to the VOD?

Description

Time

  • Played on: Nov. 23, 2019, 1:11 p.m.
  • Length: 8:21
Show
View Real Time Build Order
Export as new Build Order

Alken Protoss 

Build Orders:  

Get SALT Encoding   

  12  0:00  Probe  
  13  0:13  Probe  
  14  0:21  Pylon  
  14  0:25  Probe (Chrono Boost)  
  15  0:39  Probe (Chrono Boost)  
  15  0:40  Gateway  
  16  0:46  Probe  
  16  0:49  Assimilator  
  17  0:59  Probe  
  18  1:16  Probe (Chrono Boost)  
  18  1:18  Assimilator  
  19  1:28  Gateway  
  19  1:29  Cybernetics Core, Probe (Chrono Boost)  
  20  1:39  Probe  
  21  1:51  Probe  
  21  1:52  Pylon  
  22  2:03  Probe  
  23  2:10  Robotics Facility  
  23  2:14  Stalker  
  25  2:16  Stalker  
  25  2:20  Pylon  
  27  2:29  Probe  
  28  2:48  Stalker x2  
  31  2:54  Immortal (Chrono Boost)  
  35  3:20  Stalker, Pylon  
  35  3:23  Shield Battery  
  35  3:24  Sentry  
  39  3:35  Warp Prism (Chrono Boost)  
  29  4:34  Immortal (Chrono Boost)  
  29  4:36  Stalker  
  29  4:39  Stalker  
  29  4:41  Warp Gate  
  31  4:50  Nexus  
  31  4:55  Gateway  
  31  5:06  Adept  
  33  5:09  Adept  
  35  5:19  Immortal  
  35  5:46  Probe  
  32  5:52  Stalker  
  32  5:53  Stalker x2  
  38  6:01  Probe (Chrono Boost)  
  39  6:04  Probe (Chrono Boost)  
  39  6:06  Pylon  
  41  6:13  Probe (Chrono Boost)  
  41  6:15  Probe (Chrono Boost)  
  40  6:22  Stalker x2  
  40  6:44  Probe (Chrono Boost)  
  38  6:50  Probe (Chrono Boost)  
  38  6:53  Stalker  
  34  7:07  Stalker x2  
  30  7:16  Stalker  
  30  7:22  Probe (Chrono Boost)  
  29  7:28  Probe (Chrono Boost)  
  25  7:30  Stalker  
  25  7:31  Stalker  
  25  7:36  Probe (Chrono Boost), Stalker  
  31  7:37  Probe  
  31  7:42  Twilight Council  
  33  7:47  Gateway, Shield Battery  
  33  7:50  Assimilator  
  33  7:52  Assimilator  
  33  7:58  Stalker  
  35  8:00  Sentry  
  35  8:04  Stalker  
Show
View Real Time Build Order
Export as new Build Order

oTo Protoss - Winner!

Build Orders: Phoenix Opening, Mass Phoenix 

Get SALT Encoding   

  12  0:02  Probe  
  14  0:14  Probe  
  14  0:18  Pylon  
  14  0:26  Probe  
  15  0:29  Assimilator  
  15  0:40  Gateway  
  15  0:43  Probe (Chrono Boost)  
  16  0:53  Probe (Chrono Boost)  
  16  0:54  Assimilator  
  17  0:58  Probe (Chrono Boost)  
  18  1:10  Probe  
  19  1:18  Pylon  
  19  1:22  Probe  
  20  1:30  Cybernetics Core  
  20  1:34  Probe (Chrono Boost)  
  21  1:43  Probe (Chrono Boost)  
  22  1:48  Probe (Chrono Boost)  
  23  2:01  Probe  
  24  2:06  Stalker  
  26  2:11  Stargate  
  26  2:15  Stargate  
  26  2:23  Pylon  
  26  2:25  Probe  
  27  2:36  Zealot  
  29  2:37  Probe  
  30  2:55  Phoenix  
  32  2:59  Phoenix  
  34  3:11  Nexus  
  34  3:20  Phoenix  
  36  3:28  Phoenix  
  38  3:34  Pylon  
  38  3:41  Shield Battery  
  38  3:52  Phoenix  
  37  4:42  Probe  
  38  4:47  Pylon  
  38  4:48  Stalker  
  38  4:54  Probe  
  38  4:55  Phoenix  
  41  5:06  Shield Battery  
  41  5:15  Warp Gate  
  41  5:16  Phoenix  
  43  5:21  Probe x2  
  45  5:33  Probe  
  46  5:46  Phoenix x2  
  50  5:53  Probe  
  50  5:54  Shield Battery  
  50  5:56  Probe  
  52  5:58  Assimilator  
  52  6:03  Pylon  
  52  6:06  Probe  
  52  6:07  Pylon  
  52  6:08  Probe  
  46  6:52  Probe x2  
  48  6:56  Oracle  
  51  7:04  Probe x2  
  53  7:16  Probe  
  54  7:24  Probe  
  54  7:28  Probe  
  56  7:36  Probe  
  57  7:40  Probe  
  58  7:48  Probe  
  59  7:52  Probe  
  59  7:54  Gateway  
  60  8:00  Probe, Gateway  
  60  8:04  Probe  
  62  8:05  Gateway  
Tags
 
Composition
Mass Phoenix
Matchup
PvP
Spawn Locations
Cross Positions
Add a new tag
Caveats
  • Supply blocks, unpowered buildings, or Contaminate may cause inaccurate times.
  • Supply counts are checked every 10 seconds.